 Dungeon Crawl Stone Soup version 0.31.0-4-g52a2dc7128 (webtiles) character file.

Game seed: 6574812986316459518

423 Persephone the Cudgeller (level 6, -2/50 HPs)
             Began as an Armataur Fighter on Jan 22, 2024.
             Slain by an iguana (11 damage)
             ... on level 4 of the Dungeon.
             The game lasted 00:03:59 (2752 turns).

Persephone the Cudgeller (Armataur Fighter)         Turns: 2752, Time: 00:03:59

Health: -2/50      AC:  8    Str: 23    XL:     6   Next: 63%
Magic:  6/6        EV:  6    Int:  9    God:
Gold:   161        SH:  0    Dex:  9    Spells: 5/5 levels left

rFire   . . .        a - +0 flail
rCold   . . .        i - +2 buckler
rNeg    . . .        r - +0 chain mail
rPois   +            (no helmet)
rElec   .            (no cloak)
rCorr   .            (no gloves)
SInv    .            (no barding)
Will    .....        (no amulet) Stlth
                     k - ring of poison resistance
HPRegen 0.28/turn    (no ring)
MPRegen 1.09/turn

%: roll
@: confused, ambrosia-drunk, studying Staves
A: large, deformed body, tough skin 3, armoured tail, roll 1
a: no special abilities


You were on level 4 of the Dungeon.
You visited 1 branch of the dungeon, and saw 4 of its levels.

You collected 161 gold pieces.

Inventory:

Hand Weapons
 a - a +0 flail (weapon)
Armour
 i - a +2 buckler (worn)
 r - a +0 chain mail (worn)
Jewellery
 k - a ring of poison resistance (left hand)
Scrolls
 b - a scroll of silence {unknown}
 c - a scroll of noise {unknown}
 e - a scroll of revelation {unknown}
 f - 2 scrolls of enchant weapon
 g - a scroll of immolation {unknown}
 h - 2 scrolls of enchant armour
 j - 3 scrolls of amnesia
 o - a scroll of teleportation {unknown}
Potions
 d - a potion of magic {unknown}
 l - a potion of cancellation {unknown}
 m - a potion of curing {unknown}
 p - a potion of heal wounds {unknown}
 q - a potion of haste {unknown}


   Skills:
 - Level 2.6 Fighting
 + Level 5.7 Maces & Flails
 - Level 3.6 Armour
 - Level 5.0 Shields


You had 5 spell levels left.
You didn't know any spells.
Your spell library contained the following spells:

 Spells                   Type           Power      Damage    Failure   Level
 Freeze                   Ice            0%         1d3       96%         1
 Summon Small Mammal      Summ           0%         N/A       96%         1
 Call Canine Familiar     Summ           0%         N/A       100%        3
 Frozen Ramparts          Ice            0%         1d1       100%        3
 Hailstorm                Conj/Ice       0%         3d5       100%        3
 Summon Blazeheart Golem  Fire/Summ      0%         N/A       100%        4


Dungeon Overview and Level Annotations

Branches:
Dungeon (4/15)
 Temple: D:4-7

Altars:
Cheibriados
Dithmenos
Fedhas

Annotations:
D:3 1 runed translucent door, Tang's ghost, amateur GnSh


Innate Abilities, Weirdness & Mutations

Armour fits poorly on your strangely shaped body.
You have extremely tough skin. (AC +3)
You have a long armoured tail.
You regenerate magic when rolling toward enemies. (Rampage MPRegen)


Message History

The orc is heavily wounded.
The orc hits you but does no damage. You block the orc's attack. x2
The orc hits you with a +0 flail. The orc hits you with a +0 club.
You barely miss the orc. You block the orc's attack.
The orc hits you but does no damage. The orc hits you with a +0 flail.
Lua - Auto Kill stopped.
Not in fighting shape.
The orc attacks as it pursues you! You block the orc's attack.
The orc hits you but does no damage. You block the orc's attack.
The orc attacks as it pursues you! The orc hits you but does no damage.
The orc attacks as it pursues you!
The orc hits you from afar with a +2 trident of protection.
The orc attacks as it pursues you! The orc hits you with a +0 flail.
Things that are here:
a +0 hand axe; an orc corpse You barely miss the orc.
The orc barely misses you.
The orc hits you from afar with a +2 trident of protection!
You thump the orc!
You kill the orc!
The orc hits you from afar with a +2 trident of protection.
You thump the endoplasm!
You kill the endoplasm!
The orc barely misses you.
You closely miss the orc. The orc hits you but does no damage.
The orc hits you from afar with a +2 trident of protection.
The orc attacks as it pursues you! The orc closely misses you.
You hit the orc.
The orc is lightly wounded.
The orc hits you with a +0 club.
* * * LOW HITPOINT WARNING * * *
You hit the orc. You tail-slap the orc.
You kill the orc!
The iguana hisses menacingly.
The iguana attacks as it pursues you! The iguana bites you!
* * * LOW HITPOINT WARNING * * *
The iguana attacks as it pursues you! The iguana closely misses you.
You see here 10 gold pieces.
You are confused.
You feel invigorated. The iguana bites you!
You die...

...#.##.............
.. ...............#
###.....†.....#
##..........#
#..........#
#..........#
#....#......##
...#####...## ...
#..@# .. ###l####
###o...### .#
##..o.....#
$..#.......#.#
......##)##...#
.......#)#....#
##.#.#.....#..# # #
##...##.##


You could see an iguana and 2 orcs.

Vanquished Creatures
  A water moccasin (D:3)
  A bullfrog (D:3)
  A scorpion (D:4)
  Natasha (thrice) (D:2)
  3 gnolls (D:3)
  2 adders
  4 dart slugs
  2 ribbon worms (D:2)
  3 orcs (D:4)
  8 ball pythons
  4 endoplasms
  A giant cockroach (D:2)
  8 goblins
  7 hobgoblins
  A kobold (D:3)
  6 quokkas
  3 bats (D:1)
  4 frilled lizards
  7 rats
69 creatures vanquished.

Notes
Turn   | Place    | Note
-------+----------+-------------------------------------------
     0 | D:1      | Persephone the Armataur Fighter began the quest for the
                  | Orb.
     0 | D:1      | Reached XP level 1. HP: 18/18 MP: 1/1
   134 | D:1      | You fall into a shaft and drop 1 floor!
   159 | D:2      | Reached XP level 2. HP: 25/25 MP: 2/2
   422 | D:1      | Reached XP level 3. HP: 30/30 MP: 3/3
  1089 | D:2      | Found a faded altar of an unknown god.
  1406 | D:2      | Noticed Natasha
  1413 | D:2      | Killed Natasha
  1414 | D:2      | Reached XP level 4. HP: 25/37 MP: 4/4
  1418 | D:2      | Noticed Natasha
  1436 | D:2      | Killed Natasha
  1443 | D:2      | Noticed Natasha
  1448 | D:2      | Killed Natasha
  1449 | D:2      | Reached XP level 5. HP: 13/42 MP: 5/5
  1697 | D:3      | Found a shadowy altar of Dithmenos.
  1815 | D:3      | Found a snail-covered altar of Cheibriados.
  1826 | D:3      | Noticed a water moccasin
  1858 | D:3      | Killed a water moccasin
  1859 | D:3      | Reached skill level 5 in Maces & Flails
  1859 | D:3      | Reached skill level 5 in Shields
  1859 | D:3      | Reached XP level 6. HP: 34/50 MP: 6/6
  1953 | D:3      | Found a runed translucent door.
  1953 | D:3      | Noticed Tang's ghost (amateur GnSh)
  2723 | D:4      | Found a blossoming altar of Fedhas.
  2752 | D:4      | Slain by an iguana

Illustrated notes

Levels and vault maps discovered:
D:1:      reono_arrival_forest_river, layout_basic, st_stairs_10,
          ebering_dispersal_statue_hall
D:2:      layout_loops_ring, nicolae_ecumenical_lake_church,
          columned_hall_lemuel, chequers_jeans, uniq_natasha
D:3:      layout_basic, mainiacjoe_overflow_big_doors,
          ebering_ghost_reflecting_pool, serial_bayou_pond_c
D:4:      layout_cave_pools, mainiacjoe_overflow_alcove_1,
          mainiacjoe_overflow_alcove_2, mainiacjoe_overflow_small_starburst,
          serial_park_tiny_pond

Skill      XL: |  1  2  3  4  5 |
---------------+----------------+-----
Maces & Flails | 2 3 4 5 |  5.7
Shields        | 4 5 |  5.0
Fighting       | |  2.6
Armour         | |  3.6

Action                     |  1- 3 |  4- 6 || total
---------------------------+-------+-------++-------
  Melee: Flail             |   120 |   113 ||   233
         Tailslap          |     7 |     9 ||    16
    Use: Potion            |       |     3 ||     3
         Scroll            |       |     3 ||     3
 Armour: Scale mail        |    87 |   101 ||   188
         Chain mail        |       |    24 ||    24
  Dodge: Dodged            |    47 |    47 ||    94
  Block: Buckler           |    25 |    50 ||    75
